AoeStats
← Mr_Fox

Lombardia

507902849Analyzed
4v4 RM · 11d ago on Sep 20, 2026· 44m 55s· 8 players
Game mode
Random Map
Map size
Large (8 player)
Population
200
Speed
Normal
Resources
Standard
Victory
Conquest
Starting age
Dark Age
Ending age
Imperial Age
RankedLock teamsTeams togetherTeam positionsShared explorationLock speedFull tech treeHidden civsTurbo modeCheats
Victory
Defeat
🇬🇹 Wei · Guatemala
1422
+11
🇬🇹 Hindustanis · Guatemala
1414
+11
🇬🇹 Vietnamese · Guatemala
1281
+17
🇬🇹 Mongols · Guatemala
1277
+17
🇺🇸 Spanish · United States
1326
-15
🇨🇱 Tatars · Chile
1323
-15
🇺🇸 Khmer · United States
1309
-14
🇺🇸 Magyars · United States
1256
-12
HappyHalb
6:47 Loom
8:54 Feudal Age
23:37 Castle Age
23:39 Double-Bit Axe
28:05 Horse Collar
29:25 Fletching
31:57 Scale Barding Armor
32:32 Bloodlines
32:24 Husbandry
33:24 Chain Barding Armor
34:07 Gold Mining
39:23 Imperial Age
37:31 Wheelbarrow
37:43 Forging
38:46 Gold Shaft Mining
39:28 Elite Battle Elephant
41:07 Plate Barding Armor
bugg9
10:55 Feudal Age
9:59 Loom
11:34 Loom
15:09 Castle Age
13:05 Double-Bit Axe
13:02 Horse Collar
16:03 Bow Saw
18:35 Squires
23:59 Padded Archer Armor
26:41 Leather Archer Armor
27:08 Bloodlines
26:59 Husbandry
28:56 Wheelbarrow
33:01 Imperial Age
32:52 Redemption
33:39 Inquisition
33:37 Gold Mining
34:17 Scale Barding Armor
34:22 Forging
36:08 Chain Barding Armor
36:24 Iron Casting
35:50 Husbandry
37:43 Plate Barding Armor
36:29 Cavalier
38:00 Conscription
40:18 Paladin
42:22 Blast Furnace
42:04 Fletching
43:08 Hand Cart
HP2025
10:21 Feudal Age
9:56 Loom
16:34 Castle Age
17:26 Fletching
23:42 Bodkin Arrow
23:47 Padded Archer Armor
35:29 Ballistics
45:48 Imperial Age
45:10 Wheelbarrow
44:21 Town Watch
pabloescobaralfaro.26
6:30 Loom
7:09 Loom
9:20 Feudal Age
11:01 Double-Bit Axe
16:42 Horse Collar
20:05 Castle Age
21:25 Bloodlines
21:28 Fletching
22:03 Husbandry
22:32 Bow Saw
22:21 Bodkin Arrow
23:45 Gold Mining
24:09 Padded Archer Armor
28:23 Ballistics
29:03 Stone Mining
30:42 Leather Archer Armor
31:21 Wheelbarrow
33:41 Hand Cart
34:13 Gold Shaft Mining
37:16 Imperial Age
34:45 Town Watch
38:07 Bracer
39:09 Chemistry
38:32 Heavy Plow
38:26 Heavy Cavalry Archer
41:00 Ring Archer Armor
41:06 Scale Barding Armor
41:11 Forging
44:39 Chain Barding Armor
44:37 Silk Armor
[XEVER]_AlarconFalcon
10:17 Loom
12:02 Feudal Age
17:52 Castle Age
15:39 Double-Bit Axe
15:44 Gold Mining
15:37 Horse Collar
17:24 Fletching
17:34 Padded Archer Armor
17:32 Stone Mining
17:46 Padded Archer Armor
18:39 Bodkin Arrow
19:37 Husbandry
27:07 Leather Archer Armor
28:11 Ballistics
28:37 Wheelbarrow
29:23 Fortified Wall
31:55 Thumb Ring
32:35 Caravan
33:34 Stone Mining
34:30 Bloodlines
38:15 Imperial Age
38:06 Town Watch
38:59 Bracer
39:29 Ring Archer Armor
40:10 Chemistry
40:52 Town Patrol
41:08 Hand Cart
41:53 Coinage
41:58 Heavy Cavalry Archer
Mr_Fox
5:05 Loom
9:03 Feudal Age
10:46 Double-Bit Axe
11:47 Horse Collar
12:43 Town Watch
21:29 Castle Age
20:02 Scale Barding Armor
20:41 Bloodlines
20:32 Gold Mining
21:23 Forging
22:53 Bow Saw
23:04 Chain Barding Armor
22:49 Husbandry
28:34 Wheelbarrow
28:00 Heavy Plow
32:49 Hand Cart
39:03 Imperial Age
40:01 Light Cavalry
41:19 Iron Casting
40:58 Heavy Camel Rider
42:15 Plate Barding Armor
42:56 Two-Man Saw
42:31 Gold Shaft Mining
42:27 Caravan
42:04 Hussar
44:11 Blast Furnace
44:26 Imperial Camel Rider
D==D.Trooper
5:59 Loom
8:31 Feudal Age
12:53 Town Watch
21:50 Castle Age
21:34 Forging
22:23 Light Cavalry
23:46 Double-Bit Axe
24:42 Bow Saw
25:11 Scale Barding Armor
28:35 Horse Collar
29:24 Heavy Plow
31:50 Fletching
33:20 Wheelbarrow
33:15 Caravan
33:53 Ballistics
34:30 Hand Cart
35:00 Bodkin Arrow
35:06 Padded Archer Armor
35:41 Gold Mining
35:42 Stone Mining
36:24 Bloodlines
36:15 Husbandry
40:14 Imperial Age
41:22 Bracer
42:49 Chemistry
42:06 Leather Archer Armor
41:32 Elite Mangudai
43:11 Conscription
43:18 Thumb Ring
43:55 Hoardings
44:19 Parthian Tactics
Ares2809
6:44 Loom
9:13 Feudal Age
10:01 Double-Bit Axe
10:22 Horse Collar
14:48 Forging
15:24 Scale Barding Armor
21:01 Castle Age
19:56 Bloodlines
22:05 Chain Barding Armor
22:12 Husbandry
22:49 Iron Casting
22:39 Bow Saw
23:01 Gold Mining
25:31 Wheelbarrow
26:16 Gold Shaft Mining
26:43 Stone Mining
28:53 Hand Cart
29:16 Town Watch
32:46 Caravan
35:24 Imperial Age
34:57 Stone Shaft Mining
35:30 Fletching
35:58 Masonry
36:19 Heavy Hei Guang Cavalry
38:01 Blast Furnace
36:36 Light Cavalry
39:15 Chemistry
38:12 Bodkin Arrow
39:01 Ming Guang Armor
40:08 Hussar
41:12 Conscription
41:30 Pikeman
42:11 Squires
42:12 Scale Mail Armor
42:44 Heavy Plow
42:33 Halberdier
44:26 Arson
Connection lost

Rejoining the realm…

Still unreachable

The connection could not be restored.

Session expired

The server has moved on; the page needs a fresh start.